 Dungeon Sprint DCSS version 0.20-a0-268-gb6bde61 (webtiles) character file.

263 Faca the Grappler (level 5, -11/61 HPs)
             Began as a Troll Berserker on Nov 25, 2016.
             Was a High Priest of Trog.
             Mangled by a tengu warrior
             ... wielding a +0 long sword
              (18 damage)
             ... in the Dungeon (Sprint IX: "|||||||||||||||||||||||||||||") on Dec 8, 2016.
             The game lasted 00:03:42 (211 turns).

Faca the Grappler (Troll Berserker)                  Turns: 211, Time: 00:03:42

Health: -11/61     AC:  6    Str: 28    XL:     5   Next: 97%
Magic:  4/4        EV: 12    Int:  6    God:    Trog [*****.]
Gold:   0          SH:  0    Dex: 10    Spells: 4/4 levels left

rFire  . . .     SeeInvis .       - Unarmed
rCold  . . .     Gourm    +     a - +0 animal skin
rNeg   . . .     Faith    .     (no shield)
rPois  .         Spirit   .     (helmet restricted)
rElec  .         Reflect  .     m - +0 cloak
rCorr  .         Harm     .     (gloves unavailable)
MR     .....     NoTele   +     (boots unavailable)
Stlth  +.........               (no amulet)
                                n - +3 ring of strength
                                o - +3 ring of intelligence

@: no status effects
A: unfitting armour, claws 3, fast metabolism 3, gourmand, regeneration 1,
shaggy fur 1, tough skin 2
a: Berserk, Trog's Hand, Brothers in Arms, Burn Spellbooks, Renounce Religion


You were in the Dungeon.
You worshipped Trog.
Trog was extremely pleased with you.
You were very full.

You visited 1 branch

Inventory:

Armour
 a - a +0 animal skin (worn)
 m - a +0 cloak (worn)
Magical Staves
 p - an uncursed staff of energy
Jewellery
 n - a +3 ring of strength (right claw)
 o - a +3 ring of intelligence (left claw)
Wands
 l - a wand of lightning (7/15)
Scrolls
 h - 2 scrolls of blinking
 k - 3 scrolls of remove curse
Potions
 c - 5 potions of curing
 d - 3 potions of heal wounds
 e - a potion of haste
 f - 4 potions of magic
 g - a potion of berserk rage
 j - a potion of invisibility
Comestibles
 b - 2 bread rations
 i - 2 chunks of flesh


   Skills:
 + Level 6.4 Fighting
 + Level 6.0 Dodging
 + Level 8.3 Unarmed Combat


You had 4 spell levels left.
You didn't know any spells.

Dungeon Overview and Level Annotations

Branches:
Dungeon (1/1)

Altars:
Cheibriados
Dithmenos
Elyvilon
Fedhas
Gozag
Hepliaklqana
Kikubaaqudgha
Makhleb
Nemelex Xobeh
Okawaru
Qazlal
Ru
Sif Muna
Trog
Uskayaw
Vehumet
Xom
Yredelemnul
Zin
The Shining One
Beogh
Jiyva
Lugonu


Innate Abilities, Weirdness & Mutations

You are too large for most types of armour.
You have claws for hands.
Your metabolism is lightning-fast.
You like to eat raw meat.
Your natural rate of healing is unusually fast.
You are covered in fur. (AC +1)
You have very tough skin. (AC +2)


Message History

The tengu warrior misses you. x2
The tengu warrior claws you but does no damage.
You miss the tengu warrior.
The tengu warrior is moderately wounded.
The tengu warrior hits you but does no damage.
The tengu warrior pecks you but does no damage.
The tengu warrior claws you.
* * * LOW HITPOINT WARNING * * *
You miss the tengu warrior. The tengu warrior blocks your attack.
The tengu warrior is moderately wounded.
The tengu warrior hits you with a long sword!
* * * LOW HITPOINT WARNING * * *
The tengu warrior closely misses you.
The tengu warrior claws you but does no damage.
You claw the tengu warrior!
The tengu warrior is heavily wounded.
The tengu warrior blocks your attack.
The tengu warrior is heavily wounded.
The tengu warrior hits you with a long sword!!
You die... ▓▓▓▓▓▓▓▓▓▓▓▓▓▓▓▓▓▓▓▓▓▓▓▓ .5FoFCQ@...([(..[.[).?.' ▓▓▓▓▓▓▓▓▓▓▓▓▓▓▓▓▓▓▓▓▓▓▓▓

You could see a hill giant, a tengu warrior, 2 bullfrogs, a shadow imp and an orc.

Vanquished Creatures
  An orc warrior (D)
  A big kobold (D)
  A killer bee (D)
  A worker ant (D)
  2 adders (D)
  A gnoll (D)
  An ooze (D)
  2 leopard geckos (D)
  2 orcs (D)
  A bat (D)
  A kobold (D)
  A leopard gecko skeleton (D)
  A quokka skeleton (D)
16 creatures vanquished.

Notes
Turn   | Place    | Note
-------+----------+-------------------------------------------
     0 | D        | Faca the Troll Berserker began the quest for the Orb.
     0 | D        | Reached XP level 1. HP: 22/22 MP: 0/0
    10 | D        | Reached XP level 2. HP: 31/31 MP: 1/1
    11 | D        | Reached ** piety under Trog
    11 | D        | Reached skill level 4 in Unarmed Combat
    31 | D        | Reached *** piety under Trog
    34 | D        | Reached XP level 3. HP: 35/39 MP: 2/2
    37 | D        | Reached skill level 5 in Unarmed Combat
    65 | D        | Found a roughly hewn altar of Beogh.
    65 | D        | Found a snail-covered altar of Cheibriados.
    65 | D        | Found a shadowy altar of Dithmenos.
    65 | D        | Found a white marble altar of Elyvilon.
    65 | D        | Found a blossoming altar of Fedhas.
    65 | D        | Found an opulent altar of Gozag.
    66 | D        | Found a hazy altar of Hepliaklqana.
    67 | D        | Found a viscous altar of Jiyva.
    68 | D        | Found an ancient bone altar of Kikubaaqudgha.
    69 | D        | Found a corrupted altar of Lugonu.
    70 | D        | Found a burning altar of Makhleb.
    71 | D        | Found a sparkling altar of Nemelex Xobeh.
    72 | D        | Found an iron altar of Okawaru.
    73 | D        | Found a stormy altar of Qazlal.
    74 | D        | Found a sacrificial altar of Ru.
    75 | D        | Found a deep blue altar of Sif Muna.
    76 | D        | Found a bloodstained altar of Trog.
    77 | D        | Found a hide-covered altar of Uskayaw.
    78 | D        | Found a radiant altar of Vehumet.
    79 | D        | Found a shimmering altar of Xom.
    80 | D        | Found a basalt altar of Yredelemnul.
    81 | D        | Found a glowing silver altar of Zin.
    82 | D        | Found a glowing golden altar of the Shining One.
   130 | D        | Noticed a big kobold
   130 | D        | Noticed an orc warrior
   130 | D        | Noticed a killer bee
   132 | D        | Reached **** piety under Trog
   138 | D        | Reached XP level 4. HP: 49/49 MP: 3/3
   139 | D        | Reached skill level 5 in Fighting
   139 | D        | Reached skill level 6 in Unarmed Combat
   143 | D        | Killed an orc warrior
   143 | D        | Reached skill level 5 in Dodging
   143 | D        | Reached skill level 7 in Unarmed Combat
   143 | D        | Reached XP level 5. HP: 41/59 MP: 4/4
   147 | D        | Reached skill level 8 in Unarmed Combat
   148 | D        | Reached ***** piety under Trog
   196 | D        | Noticed a hill giant
   196 | D        | Noticed a tengu warrior
   202 | D        | Upgraded the game from 0.20-a0-208-g55166f7 to 0.20-a0-268-gb6bde61
   211 | D        | Mangled by a tengu warrior

Vault maps used:
D:        linesprint

Skill      XL: |  1  2  3  4  5 |
---------------+----------------+-----
Fighting       | 3 4 6 |  6.4
Dodging        | 3 4 5 6 |  6.0
Unarmed Combat | 4 5 7 8 |  8.3

Action                   |  1- 3 |  4- 6 || total
-------------------------+-------+-------++-------
Melee: Unarmed           |    28 |    23 ||    51
       Punch             |       |     1 ||     1
  Eat: Chunk             |     6 |     1 ||     7
Armor: Animal skin       |     5 |    10 ||    15
Dodge: Dodged            |     8 |    11 ||    19
